 Dungeon Crawl Stone Soup version 0.15.0-11-g6f4f891 (webtiles) character file.

15465 benano the Fighter (level 12, 0/84 HPs)
             Began as a Gargoyle Berserker on Aug 30, 2014.
             Was a High Priest of Trog.
             Slain by a boulder beetle (5 damage)
             ... on Level 4 of the Lair of Beasts.
             The game lasted 02:15:23 (15704 turns).

benano the Fighter (Gargoyle Berserker)            Turns: 15704, Time: 02:15:23

HP   0/84        AC 29     Str 25      XL: 12   Next: 27%
MP  21/21        EV  6     Int  9      God: Trog [*****.]
Gold 679         SH 12     Dex  9      Spells:  0 memorised, 11 levels left

rFire  . . .     SeeInvis +     a - +1 mace
rCold  . . .     Clarity  .     x - +5 chain mail
rNeg   + . .     rCorr    .     q - +2 shield
rPois  +         rRot     +     U - +1 helmet {SInv}
rElec  +         Spirit   .     (no cloak)
SustAb .         Warding  .     o - +0 pair of gloves
rMut   .         Stasis   .     (no boots)
Gourm  .                        (no amulet)
MR     .....                    D - ring of teleport control
                                M - ring of magical power

@: exhausted, about to teleport, slowed, very slow, not resistant to hostile
enchantments, extremely unstealthy
A: negative energy resistance 1, electricity resistance, unbreathing,
petrification resistance, rot immunity, AC +8
a: Burn Spellbooks, Berserk, Trog's Hand, Brothers in Arms, Renounce Religion,
Evoke Teleport Control


You were on level 4 of the Lair of Beasts.
You worshipped Trog.
Trog was extremely pleased with you.
You were near starving.

You visited 2 branches of the dungeon, and saw 12 of its levels.

You collected 748 gold pieces.
You spent 69 gold pieces at shops.

Inventory:

Hand weapons
 a - a +1 mace (weapon)
Armour
 d - a +0 helmet
 o - a +0 pair of gloves (worn)
 q - a +2 shield (worn)
 x - a +5 chain mail (worn)
 N - a +0 scale mail of cold resistance
 U - a +1 helmet of see invisible (worn)
Magical devices
 z - a wand of cold (9)
 B - a wand of flame (13) {unknown}
 I - a wand of polymorph (13)
 J - a wand of slowing (14)
 O - a wand of enslavement (9) {unknown}
 S - a wand of fire (6) {unknown}
Comestibles
 c - 4 bread rations
 k - 2 beef jerkies
 u - 2 slices of pizza
 T - 2 rotting chunks of basilisk flesh
Scrolls
 i - a scroll of random uselessness
 s - 2 scrolls of remove curse
 v - a scroll of identify
 w - 3 scrolls of enchant weapon
 y - 2 scrolls of fog
 C - a scroll of magic mapping
 K - 2 scrolls of recharging {unknown}
 R - a scroll of amnesia
Jewellery
 D - a ring of teleport control (right hand)
 G - a +2 ring of intelligence
 L - an uncursed ring of stealth
 M - a ring of magical power (left hand)
Potions
 e - a potion of cure mutation
 g - 3 potions of curing
 j - 5 potions of haste {unknown}
 l - a potion of confusion {unknown}
 m - 4 potions of might
 n - 3 potions of heal wounds {unknown}
 p - 3 potions of poison
 r - 5 potions of brilliance {unknown}
 t - 2 potions of restore abilities {unknown}
 A - 3 potions of resistance {unknown}
 E - a potion of cancellation {unknown}
 P - a potion of mutation {unknown}
Books
 F - a book of Geomancy

   Spells                             Type                      Level
   Sandblast                          Earth                        1
   Stoneskin                          Transmutation/Earth          2
   Passwall                           Transmutation/Earth          3
   Stone Arrow                        Conjuration/Earth            3
   Petrify                            Transmutation/Earth          4
   Lee's Rapid Deconstruction         Earth                        5
   Trog disapproves of the use of such an item.


   Skills:
 * Level 13.4 Fighting
 + Level 10.1 Maces & Flails
 + Level 10.3 Armour
 - Level 5.2 Dodging
 - Level 1.7 Stealth
 - Level 4.7 Shields


You had 11 spell levels left.
You didn't know any spells.

Dungeon Overview and Level Annotations

Branches:
Dungeon (8/15)             Temple (0/1) D:6            Lair (4/8) D:8
  Swamp: Lair:3-6    Shoals: Lair:3-6     Snake: Lair:3-6    Spider: Lair:3-6

Altars:
Ashenzari
Cheibriados
Nemelex Xobeh

Shops:
D:4 *   D:5 %   D:7 }


Innate Abilities, Weirdness & Mutations

You are resistant to torment.
You are immune to poison.
Your stone body is very resilient (AC +8).
You resist negative energy.
You are resistant to electric shocks.
You can survive without breathing.
You are immune to petrification.
You are immune to rotting.


Message History

The boulder beetle smashes into you!
The boulder beetle stops rolling.
You block the quokka's attack. The boulder beetle bites you!
* * * LOW HITPOINT WARNING * * *
The quokka bites you but does no damage.
Use which ability? (? or * to list)
Okay, then.
Press: ? - help, v - describe, . - travel
Here: a boulder beetle (sparse dust, severely wounded)
The floor.
As you read the scroll of teleportation, it crumbles to dust.
You feel strangely unstable. You block the quokka's attack.
The boulder beetle bites you!!
* * * LOW HITPOINT WARNING * * *
The quokka bites you but does no damage.
Zapping:
I - a wand of polymorph {zapped: 1}
Press: ? - help, Shift-Dir - straight line, f/p - boulder beetle
Aim: a boulder beetle (severely wounded)
The boulder beetle easily resists.
The quokka closely misses you. The boulder beetle bites you.
You die...

.≈≈≈≈≈≈≈≈≈≈.......#
.≈≈≈≈≈.≈≈..##.#.P.#
.≈..<.≈.##....###
.....≈###.(## ##
.....##...######.#
.P# ##.(#......#
#...(......#
####.(..B....##
#.#.....@....#
##.$.....r...##
#.............#
##..$......$..###
###..........P...#
#.................
##............#.#.
#..........P.#.#..
##........P####..


You could see a boulder beetle and a quokka.

Vanquished Creatures
  Pikel (D:8)
  2 black mambas
  3 elephants (Lair:3)
  8 spiny frogs
  A fire drake (Lair:4)
  3 komodo dragons
  A blink frog (Lair:3)
  A polar bear (Lair:2)
  3 basilisks (Lair:4)
  4 spriggans (Lair:2)
  A wyvern (Lair:3)
  6 yaks (Lair:3)
  5 hippogriffs
  18 wolves
  Edmund (D:3)
  A water moccasin (Lair:4)
  5 porcupines
  2 ogres
  A slave (D:8)
  Duvessa (D:5)
  7 crocodiles
  9 giant frogs
  3 centaurs
  A scorpion (D:4)
  6 killer bees (D:8)
  3 wights (D:8)
  Dowan (D:5)
  2 goliath beetles
  3 crimson imps
  2 orc priests
  A centaur skeleton (D:4)
  3 jellies
  Crazy Yiuf (D:6)
  2 giant frog skeletons
  5 orc wizards
  7 iguanas
  4 worker ants
  8 hounds
  2 ogre zombies
  Ijyb (D:5)
  13 sheep (Lair:3)
  A hound skeleton (D:5)
  13 adders
  11 green rats
  A shadow imp (D:8)
  A giant mite (D:2)
  3 worms
  2 orc skeletons
  3 giant geckos
  2 oozes
  14 orcs
  11 bats
  A bat skeleton (D:4)
  7 giant cockroaches
  14 hobgoblins
  10 jackals
  16 kobolds
  11 quokkas
  A ball python (D:4)
  6 giant newts
  9 goblins
  A goblin skeleton (D:5)
  A kobold skeleton (D:6)
  20 rats
  7 fungi
  A plant (D:8)
319 creatures vanquished.

Vanquished Creatures (collateral kills)
  An ice beast (D:6)
  An ogre (D:6)
  A kobold (D:6)
3 creatures vanquished.

Vanquished Creatures (others)
  2 slaves (D:8)
  A giant gecko (D:6)
3 creatures vanquished.

Grand Total: 325 creatures vanquished

Notes
Turn   | Place    | Note
--------------------------------------------------------------
     0 | D:1      | benano, the Gargoyle Berserker, began the quest for the Orb.
     0 | D:1      | Reached XP level 1. HP: 14/14 MP: 1/1
   136 | D:1      | Reached XP level 2. HP: 19/19 MP: 2/2
   375 | D:1      | Acquired Trog's second power
   393 | D:1      | Reached XP level 3. HP: 22/24 MP: 3/3
   984 | D:2      | Reached skill level 4 in Fighting
  1464 | D:3      | Reached XP level 4. HP: 29/29 MP: 4/4
  1660 | D:3      | Reached XP level 5. HP: 23/33 MP: 5/5
  1925 | D:3      | Noticed an ogre
  1940 | D:3      | Killed an ogre
  1940 | D:3      | Reached XP level 6. HP: 35/39 MP: 6/6
  2128 | D:3      | Found a sparkling altar of Nemelex Xobeh.
  2158 | D:3      | Found a shattered altar of Ashenzari.
  2457 | D:4      | Noticed Edmund
  2476 | D:3      | Killed Edmund
  2539 | D:4      | Reached skill level 1 in Stealth
  2654 | D:4      | Got a bloodstained robe
  2666 | D:4      | Reached XP level 7. HP: 44/44 MP: 7/7
  2929 | D:4      | Reached skill level 5 in Fighting
  3017 | D:4      | Found Ezekesku's Assorted Antiques.
  3034 | D:4      | Bought an oily yellow potion for 23 gold pieces
  3034 | D:4      | Bought a yellow potion for 23 gold pieces
  3034 | D:4      | Bought a pink potion for 23 gold pieces
  3328 | D:4      | Identified the cursed -4 robe of Ladders and Snakes {Str+3 Dex+2 Curse} (You found it on level 4 of the Dungeon)
  3936 | D:5      | Entered Level 5 of the Dungeon
  3963 | D:5      | Found Pyaven's Food Shoppe.
  3978 | D:5      | Reached skill level 1 in Shields
  3985 | D:5      | Acquired Trog's third power
  4246 | D:5      | Reached skill level 5 in Maces & Flails
  4351 | D:5      | Noticed Ijyb
  4371 | D:5      | Killed Ijyb
  4371 | D:5      | Reached XP level 8. HP: 43/49 MP: 8/8
  4420 | D:5      | Noticed Dowan
  4420 | D:5      | Noticed Duvessa
  4431 | D:5      | Killed Duvessa
  4456 | D:5      | Killed Dowan
  5215 | D:6      | Found a snail-covered altar of Cheibriados.
  5386 | D:6      | Reached skill level 5 in Armour
  5428 | D:6      | Upgraded the game from 0.15.0-8-gb109cf8 to 0.15.0-11-g6f4f891
  5593 | D:6      | Reached skill level 5 in Dodging
  5891 | D:6      | Noticed Crazy Yiuf
  5908 | D:6      | Killed Crazy Yiuf
  6008 | D:6      | Found a staircase to the Ecumenical Temple.
  6357 | D:7      | Found Sykyodd's Gadget Shoppe.
  6577 | D:7      | Reached XP level 9. HP: 55/55 MP: 9/9
  6866 | D:8      | Reached skill level 6 in Maces & Flails
  6892 | D:8      | Found a staircase to the Lair.
  7402 | D:8      | Reached skill level 7 in Fighting
  7582 | D:8      | Noticed Pikel
  7605 | D:8      | Killed Pikel
  7792 | D:8      | Reached skill level 8 in Fighting
  8578 | Lair:1   | Entered Level 1 of the Lair of Beasts
  8578 | Lair:1   | Noticed a spiny frog
  8598 | Lair:1   | Killed a spiny frog
  8598 | Lair:1   | Reached XP level 10. HP: 63/65 MP: 10/10
  8753 | Lair:1   | Noticed a spiny frog
  8773 | Lair:1   | Killed a spiny frog
  8773 | Lair:1   | Reached skill level 9 in Fighting
  9231 | Lair:1   | Noticed a spiny frog
  9245 | Lair:1   | Killed a spiny frog
  9374 | Lair:1   | Noticed a spiny frog
  9393 | Lair:1   | Killed a spiny frog
  9661 | Lair:1   | Noticed a spiny frog
  9685 | Lair:1   | Killed a spiny frog
  9685 | Lair:1   | Reached skill level 10 in Fighting
 10567 | Lair:2   | Reached XP level 11. HP: 71/73 MP: 11/11
 10579 | Lair:2   | Noticed a black mamba
 10604 | Lair:2   | Killed a black mamba
 10604 | Lair:2   | Reached skill level 11 in Fighting
 12674 | Lair:3   | Reached skill level 12 in Fighting
 12920 | Lair:3   | Received a gift from Trog
 14056 | Lair:3   | Reached XP level 12. HP: 67/82 MP: 12/12
 14080 | Lair:3   | Reached skill level 13 in Fighting
 14080 | Lair:3   | Reached skill level 10 in Armour
 15291 | Lair:4   | Reached skill level 10 in Maces & Flails
 15529 | Lair:4   | Received a gift from Trog
 15704 | Lair:4   | Slain by a boulder beetle

Action                   |  1- 3 |  4- 6 |  7- 9 | 10-12 || total
-------------------------+-------+-------+-------+-------++-------
Melee: Mace              |   138 |   121 |   748 |  1093 ||  2100
Throw: Tomahawk          |       |       |       |     4 ||     4
Invok: Berserk           |     2 |     4 |     9 |     9 ||    24
       Trog's Hand       |     1 |       |       |       ||     1
Evoke: Wand              |       |       |       |     4 ||     4
  Use: Scroll            |       |       |    13 |     9 ||    22
       Potion            |       |       |       |     5 ||     5
 Stab: Sleeping          |       |       |     1 |       ||     1
  Eat: Chunk             |     2 |     4 |    25 |    15 ||    46
       Bread ration      |     1 |       |     1 |     2 ||     4
       Meat ration       |       |       |       |     2 ||     2
